 Dungeon Crawl Stone Soup version 0.20.0-10-g0535bb4 (webtiles) character file.

3053 pib the Destroyer (level 9, -16/52 HPs)
             Began as a Deep Elf Conjurer on June 6, 2017.
             Was a Believer of Sif Muna.
             Demolished by an orc warrior
             ... wielding a +0 glaive
              (18 damage)
             ... on level 8 of the Dungeon.
             The game lasted 00:37:13 (9201 turns).

pib the Destroyer (Deep Elf Conjurer)               Turns: 9201, Time: 00:37:14

Health: -16/52     AC:  5    Str:  5    XL:     9   Next: 57%
Magic:  4/21       EV: 15    Int: 24    God:    Sif Muna [**....]
Gold:   334        SH:  3    Dex: 15    Spells: 9/22 levels left

rFire    + + +     SeeInvis +   T - +7 spear (freeze)
rCold    . . .     Gourm    .   (no shield)
rNeg     . . .     Faith    .   K - +1 robe of Resourcefulness {-Tele rF+++ Slay+4 SInv}
rPois    .         Spirit   .   (no helmet)
rElec    .         Reflect  +   G - +0 cloak
rCorr    .         Harm     .   V - +0 pair of gloves
MR       .....     NoTele   +   (no boots)
Stlth    +++.......             L - +3 amulet of reflection
Regen    0.2/turn               d - ring of wizardry
MPRegen  0.2/turn               i - ring of wizardry

@: very slightly contaminated, slowed, divine energy, very slow
A: no striking features
a: Stop Divine Energy, Renounce Religion


You were on level 8 of the Dungeon.
You worshipped Sif Muna.
Sif Muna was pleased with you.
You were very hungry.

You visited 2 branches of the dungeon, and saw 9 of its levels.

You collected 334 gold pieces.

Inventory:

Hand Weapons
 h - a +0 club
 l - a +0 dagger
 Q - a +1 hand crossbow of freezing
 T - a +7 spear of freezing (weapon)
Missiles
 y - 4 tomahawks (quivered)
Armour
 G - a +0 cloak (worn)
 I - a +2 robe of fire resistance
 K - the +1 robe of Resourcefulness (worn) {-Tele rF+++ Slay+4 SInv}
   (You found it on level 5 of the Dungeon)

   It affects your accuracy and damage with ranged weapons and melee attacks
   (+4).
   It renders you almost immune to fire.
   It lets you see invisible.
   It prevents most forms of teleportation.
 N - a +0 pair of gloves
 P - a +0 shield
 V - a +0 pair of gloves (worn)
Magical Staves
 O - an uncursed staff of poison
Jewellery
 d - a ring of wizardry (left hand)
 i - a ring of wizardry (right hand)
 q - an uncursed ring of positive energy
 L - a +3 amulet of reflection (around neck)
 Y - an uncursed ring of protection from fire {unknown}
Wands
 M - a wand of acid (6/15)
 S - a wand of acid (3/15)
 W - a wand of lightning (10/15)
 X - a wand of acid (9/15)
Scrolls
 g - 2 scrolls of blinking
 m - 3 scrolls of magic mapping {unknown}
 n - 3 scrolls of remove curse {unknown}
 s - 2 scrolls of immolation {unknown}
 t - a scroll of random uselessness {unknown}
 v - 2 scrolls of recharging {unknown}
 w - 2 scrolls of identify
 x - 5 scrolls of teleportation {unknown}
 z - a scroll of fog {unknown}
 B - 2 scrolls of enchant weapon {unknown}
 C - a scroll of fear {unknown}
 J - a scroll of noise {unknown}
Potions
 c - a potion of lignification {unknown}
 e - 3 potions of flight {unknown}
 j - 2 potions of invisibility {unknown}
 k - 4 potions of haste {unknown}
 r - 4 potions of might {unknown}
 u - 2 potions of mutation {unknown}
 A - 2 potions of degeneration {unknown}
 D - a potion of magic {unknown}
 E - a potion of berserk rage {unknown}
 F - a potion of brilliance {unknown}
 H - 2 potions of agility {unknown}
 R - a potion of heal wounds {unknown}
 Z - a potion of resistance {unknown}
Books
 b - a book of Conjurations

   Spells                             Type                      Level
   a - Magic Dart                     Conjuration                  1
   b - Searing Ray                    Conjuration                  2
   c - Dazzling Spray                 Conjuration/Hexes            3
   d - Fulminant Prism                Conjuration/Hexes            4
   e - Force Lance                    Conjuration/Translocation    4
   f - Iskenderun's Mystic Blast      Conjuration                  4
 p - a book of the Warp

   Spells                             Type                      Level
   a - Gell's Gravitas                Translocation                3
   b - Portal Projectile              Hexes/Translocation          3
   c - Force Lance                    Conjuration/Translocation    4
   d - Dispersal                      Translocation                6
   e - Controlled Blink               Translocation                8
   f - Disjunction                    Translocation                8
Comestibles
 a - 3 bread rations
 f - 3 meat rations
 o - 7 royal jellies
 U - 4 fruits


   Skills:
 - Level 4.0 Fighting
 + Level 5.4 Dodging
 + Level 5.6 Stealth
 - Level 7.1 Spellcasting
 * Level 9.8 Conjurations
 - Level 7.2 Hexes


You had 9 spell levels left.
You knew the following spells:

 Your Spells              Type           Power        Failure   Level  Hunger
a - Magic Dart            Conj           ####         1%          1    None
b - Searing Ray           Conj           ######       1%          2    None
c - Dazzling Spray        Conj/Hex       #####.       1%          3    None
d - Fulminant Prism       Conj/Hex       #####.....   1%          4    ###....
e - Gell's Gravitas       Tloc           #.........   6%          3    None


Dungeon Overview and Level Annotations

Branches:
Dungeon (8/15)             Temple (1/1) D:6
   Lair: D:8-11

Altars:
Ashenzari
Cheibriados
Dithmenos
Elyvilon
Gozag
Hepliaklqana
Kikubaaqudgha
Makhleb
Nemelex Xobeh
Okawaru
Qazlal
Ru
Sif Muna
Trog
Uskayaw
Vehumet
Yredelemnul
Zin
The Shining One

Annotations:
D:6 1 runed door
D:8 Maurice


Message History

The orc wizard points at you and mumbles some strange words.
You easily resist.
Casting: Fulminant Prism
Confirm with . or Enter, or press ? or * to list all spells.
Okay, then.
The orc wizard casts a spell at you. The magic dart hits you!
* * * LOW HITPOINT WARNING * * *
The orc wizard points at you and mumbles some strange words.
You feel yourself slow down.
You open the door. You block the orc warrior's attack.
The orc wizard hits you with a dagger.
* * * LOW HITPOINT WARNING * * *
The orc wizard closely misses you. x2; The orc completely misses you.
The orc warrior closely misses you.
There is an open door here.
The orc wizard mumbles some strange words.
The orc wizard blinks!
The orc warrior hits you from afar with a glaive!!
You die...

#............# #.........# ##
#............# #.........# #.
#............# #.........# #.
#............# #.........# #.
########'#####
################. #....#
#...........
#####.#########........)..
#...#...#..o.##...........
####+#..<#.#@##.##...........
#..........#.#..oo...........
#..........#.#####...........
#.........##.# #...#..<#.#.
#.........##.# #.#.#.##....
#.........##.. ..#.#......@
#.........###. ..... ###..
#.........# . ...... +....
#.........# .. ..#####


You could see an orc warrior.

Vanquished Creatures
  2 yaks (D:7)
  A hog (D:7)
  A human (D:7)
  A water moccasin (D:8)
  An orc warrior (D:6)
  3 ice beasts
  2 phantoms
  A black bear (D:6)
  A gnoll sergeant (D:7)
  3 bullfrogs
  2 scorpions
  A water moccasin skeleton (D:5)
  3 killer bees (D:8)
  A howler monkey (D:6)
  4 wights (D:7)
  A quasit (D:7)
  A bullfrog zombie (D:6)
  4 hounds
  A bullfrog skeleton (D:4)
  6 orc priests
  Jessica (D:2)
  3 worker ants
  An iguana (D:7)
  8 orc wizards
  10 gnolls
  3 adders
  2 shadow imps
  2 oozes
  An adder skeleton (D:4)
  A dart slug (D:4)
  3 leopard geckos
  33 orcs
  A ball python (D:2)
  8 bats
  4 giant cockroaches
  8 hobgoblins
  3 jackals (D:3)
  2 quokkas
  3 frilled lizards
  A giant cockroach zombie (D:6)
  8 goblins
  A jackal skeleton (D:4)
  10 kobolds
  6 rats
163 creatures vanquished.

Vanquished Creatures (others)
  A hog (D:7)
  34 fulminant prisms
35 creatures vanquished.

Grand Total: 198 creatures vanquished

Notes
Turn   | Place    | Note
-------+----------+-------------------------------------------
     0 | D:1      | pib the Deep Elf Conjurer began the quest for the Orb.
     0 | D:1      | Reached XP level 1. HP: 10/10 MP: 6/6
   250 | D:1      | Reached XP level 2. HP: 15/15 MP: 2/8
   508 | D:1      | Reached skill level 5 in Conjurations
  1008 | D:2      | Reached XP level 3. HP: 19/19 MP: 5/10
  1012 | D:2      | Learned a level 2 spell: Searing Ray
  1016 | D:2      | Learned a level 3 spell: Dazzling Spray
  1093 | D:2      | Noticed Jessica
  1110 | D:2      | Killed Jessica
  1110 | D:2      | Reached skill level 1 in Hexes
  1135 | D:2      | Reached XP level 4. HP: 24/24 MP: 8/11
  1192 | D:2      | Noticed a hand axe
  1193 | D:2      | Noticed a dagger
  1193 | D:2      | Found a hide-covered altar of Uskayaw.
  1211 | D:2      | Learned a level 4 spell: Fulminant Prism
  1822 | D:3      | Reached skill level 6 in Conjurations
  1822 | D:3      | Reached XP level 5. HP: 28/28 MP: 8/13
  2868 | D:4      | Noticed a phantom
  3104 | D:3      | Reached skill level 1 in Fighting
  3110 | D:3      | Reached XP level 6. HP: 34/34 MP: 6/14
  3616 | D:3      | Found an opulent altar of Gozag.
  4216 | D:4      | Reached XP level 7. HP: 32/40 MP: 1/15
  4393 | D:5      | Entered Level 5 of the Dungeon
  4741 | D:5      | Got a ripped robe
  4756 | D:5      | Identified the +1 robe of Resourcefulness {-Tele rF+++ Slay+4 SInv} (You found it on level 5 of the Dungeon)
  4779 | D:5      | Found a snail-covered altar of Cheibriados.
  4790 | D:5      | Reached skill level 7 in Conjurations
  4806 | D:5      | Reached skill level 5 in Hexes
  5335 | D:5      | Found a glowing golden altar of the Shining One.
  5358 | D:6      | Found a runed door.
  5450 | D:6      | Found a staircase to the Ecumenical Temple.
  5464 | Temple   | Entered the Ecumenical Temple
  5678 | Temple   | Became a worshipper of Sif Muna the Loreminder
  6206 | D:6      | Reached XP level 8. HP: 45/45 MP: 9/17
  6214 | D:6      | Reached skill level 8 in Conjurations
  6330 | D:6      | Reached skill level 5 in Spellcasting
  6543 | D:6      | Reached * piety under Sif Muna
  6972 | D:6      | Reached skill level 9 in Conjurations
  7299 | D:7      | Reached skill level 5 in Stealth
  7597 | D:7      | Reached XP level 9. HP: 47/49 MP: 4/20
  7752 | D:7      | Reached ** piety under Sif Muna
  8156 | D:7      | Learned a level 3 spell: Gell's Gravitas
  8735 | D:8      | Reached skill level 5 in Dodging
  9097 | D:8      | Noticed Maurice
  9195 | D:8      | HP: 1/52 [orc wizard/dagger (4)]
  9201 | D:8      | Demolished by an orc warrior

Skill      XL: |  1  2  3  4  5  6  7  8  9 |
---------------+----------------------------+-----
Conjurations   | 5 6 7 9 |  9.8
Hexes          | 1 2 4 6 7 |  7.2
Spellcasting   | 4 6 7 |  7.1
Stealth        | 3 4 5 |  5.6
Fighting       | 1 2 4 |  4.0
Dodging        | 5 |  5.4

Action                   |  1- 3 |  4- 6 |  7- 9 || total
-------------------------+-------+-------+-------++-------
Melee: Club              |     1 |     1 |       ||     2
       Spear             |       |       |     7 ||     7
 Cast: Magic Dart        |    61 |    94 |   114 ||   269
       Searing Ray       |       |    15 |    31 ||    46
       Fulminant Prism   |       |     4 |    31 ||    35
       Dazzling Spray    |       |     1 |    14 ||    15
       Gell's Gravitas   |       |       |     1 ||     1
Invok: Divine Energy     |       |       |     1 ||     1
  Use: Scroll            |       |     3 |     3 ||     6
  Eat: Meat ration       |       |     1 |     2 ||     3
       Bread ration      |       |     1 |       ||     1
       Chunk             |       |     1 |     8 ||     9
Armor: Robe              |     1 |     1 |     2 ||     4
Dodge: Dodged            |     7 |     6 |    33 ||    46
Block: Other             |       |       |     6 ||     6
